 Dungeon Crawl Stone Soup version 0.25.1-2-g60ff931df9 (webtiles) character file.

Game seed: 9610573451442372712

488 Almogavar the Chopper (level 7, -6/61 HPs)
             Began as a Hill Orc Fighter on Sept 7, 2020.
             Splashed by a jelly's acid (10 damage)
             ... on level 5 of the Dungeon.
             The game lasted 00:09:49 (4255 turns).

Almogavar the Chopper (Hill Orc Fighter)            Turns: 4255, Time: 00:09:52

Health: -6/61      AC: -9    Str: 21    XL:     7   Next: 13%
Magic:  7/7        EV:  6    Int: 14    God:
Gold:   270        SH:  9    Dex: 10    Spells: 6/6 levels left

rFire    . . .     SeeInvis .   a - +0 war axe
rCold    . . .     Gourm    .   c - +0 kite shield
rNeg     . . .     Faith    .   t - +0 chain mail (curse)
rPois    .         Spirit   .   r - +0 helmet
rElec    .         Reflect  .   (no cloak)
rCorr    .         Harm     .   (no gloves)
MR       +....                  (no boots)
Stlth    ..........             (no amulet)
HPRegen  0.20/turn              g - +6 ring of intelligence
MPRegen  0.10/turn              w - ring of protection from magic

@: corroded
A: no striking features
a: no special abilities


You were on level 5 of the Dungeon.
You were not hungry.

You visited 1 branch of the dungeon, and saw 5 of its levels.

You collected 270 gold pieces.

Inventory:

Hand Weapons
 a - a +0 war axe (weapon)
Missiles
 k - 9 boomerangs
 n - 4 javelins (quivered)
Armour
 c - a +0 kite shield (worn)
 r - a +0 helmet (worn)
 t - a cursed +0 chain mail (worn)
Jewellery
 g - a +6 ring of intelligence (left hand)
 w - a ring of protection from magic (right hand)
 y - an uncursed ring of flight
Wands
 s - a wand of paralysis (6)
 v - a wand of iceblast (6)
Scrolls
 i - a scroll of teleportation
 j - 4 scrolls of fear
 l - 2 scrolls of amnesia
 p - a scroll of noise {unknown}
 q - a scroll of blinking {unknown}
 z - a scroll of remove curse
 A - a scroll of enchant weapon {unknown}
Potions
 d - a potion of might
 e - 2 potions of curing
 h - a potion of lignification {unknown}
 m - a potion of magic {unknown}
 o - a potion of degeneration {unknown}
 u - a potion of heal wounds {unknown}
 x - a potion of brilliance {unknown}
Comestibles
 b - 3 chunks of flesh
 f - 6 rations


   Skills:
 + Level 5.3 Fighting
 + Level 6.7 Axes
 + Level 4.5 Armour
 + Level 1.1 Dodging
 + Level 4.4 Shields


You had 6 spell levels left.
You didn't know any spells.
Your spell library was empty.

Dungeon Overview and Level Annotations

Branches:
Dungeon (5/15)
 Temple: D:4-7

Altars:
Fedhas
Gozag
Kikubaaqudgha
The Shining One


Message History

The jelly is severely wounded.
The jelly hits you.
You are splashed with acid!
The jelly hits you.
You are splashed with acid!
* * * LOW HITPOINT WARNING * * *
You are too injured to fight recklessly!
You hit the jelly but do no damage. The acid corrodes you!
Your hands burn!
* * * LOW HITPOINT WARNING * * *
The jelly is severely wounded.
The jelly hits you.
* * * LOW HITPOINT WARNING * * *
The acid corrodes you!
You are splashed with acid!
* * * LOW HITPOINT WARNING * * *
It was a potion of curing.
You feel better. The jelly barely misses you.
You hit the jelly.
Your hands burn!
* * * LOW HITPOINT WARNING * * *
The jelly is almost dead.
The jelly hits you.
* * * LOW HITPOINT WARNING * * *
The acid corrodes you!
You are splashed with acid!
You die...

..# ## ..# #.### .# ..+
....# .# ..###.#.# .# .
....#.# .# # #..#.# #+#
.# .#.
####..#.###.#####.#.....
.....)........†.@J...>#
.........##..######.#.#
...#..##.##.....
##.#..##..#..#.%..
...#.........#....#
.#+##.###.#..# ...#
......#....(.# ...#
.....##.#.#..# ..#
..........#..# ..


You could see a jelly.

Vanquished Creatures
  Sigmund (D:4)
  A bullfrog zombie (D:5)
  An orc priest (D:4)
  An iguana (D:5)
  An orc wizard (D:3)
  Robin (D:2)
  8 adders
  A gnoll (D:1)
  A shadow imp (D:5)
  An ooze (D:1)
  3 worms
  4 dart slugs
  2 leopard geckos (D:1)
  10 orcs
  6 giant cockroaches
  17 goblins
  13 hobgoblins
  8 jackals
  2 quokkas (D:2)
  A ball python (D:3)
  6 bats
  2 frilled lizards
  6 kobolds
  8 rats
105 creatures vanquished.

Vanquished Creatures (others)
  An orc (D:3)
1 creature vanquished.

Grand Total: 106 creatures vanquished

Notes
Turn   | Place    | Note
-------+----------+-------------------------------------------
     0 | D:1      | Almogavar the Hill Orc Fighter began the quest for the Orb.
     0 | D:1      | Reached XP level 1. HP: 19/19 MP: 1/1
    69 | D:1      | Reached XP level 2. HP: 20/27 MP: 2/2
   227 | D:1      | Reached skill level 3 in Axes
   311 | D:1      | Reached XP level 3. HP: 30/33 MP: 3/3
   982 | D:2      | Reached XP level 4. HP: 40/40 MP: 4/4
  1070 | D:2      | Found a blossoming altar of Fedhas.
  1112 | D:2      | Noticed Robin
  1124 | D:2      | Killed Robin
  1128 | D:2      | Reached skill level 4 in Axes
  1515 | D:2      | Found a glowing golden altar of the Shining One.
  1726 | D:2      | Reached XP level 5. HP: 46/47 MP: 5/5
  2441 | D:3      | Reached skill level 5 in Axes
  2447 | D:3      | Reached skill level 1 in Dodging
  2870 | D:3      | Found an opulent altar of Gozag.
  3524 | D:4      | Found an ancient bone altar of Kikubaaqudgha.
  3611 | D:4      | Reached XP level 6. HP: 55/55 MP: 6/6
  3686 | D:4      | Noticed Sigmund
  3700 | D:4      | Killed Sigmund
  3700 | D:4      | Reached skill level 5 in Fighting
  3700 | D:4      | Reached skill level 6 in Axes
  4065 | D:5      | Entered Level 5 of the Dungeon
  4131 | D:5      | Reached XP level 7. HP: 57/61 MP: 7/7
  4253 | D:5      | HP: 1/61 [acid (9)]
  4255 | D:5      | Splashed by a jelly's acid

Illustrated notes

Levels and vault maps discovered:
D:1:      nzn_arrival_settlement, layout_basic, minmay_split_cup_large
D:2:      layout_basic, lemuel_crystal_altar, fedhas_ov_isle_minmay,
          serial_curves, eino_curves_03, eino_curves_02, uniq_robin
D:3:      layout_basic, marbit_many_paths
D:4:      layout_loops_cross, kennysheep_mini_moat, uniq_sigmund
D:5:      layout_basic, kennysheep_little_box, lemuel_crystal_altar,
          first_ration, led_xom_imps

Skill      XL: |  1  2  3  4  5  6 |
---------------+-------------------+-----
Axes           | 3 4 5 6 |  6.7
Fighting       | 4 5 |  5.3
Shields        | 4 |  4.4
Armour         | 4 |  4.5
Dodging        | 1 |  1.1

Action                   |  1- 3 |  4- 6 |  7- 9 || total
-------------------------+-------+-------+-------++-------
Melee: War axe           |    94 |   179 |    27 ||   300
  Use: Scroll            |     2 |     4 |       ||     6
       Potion            |       |       |     1 ||     1
  Eat: Chunk             |       |    11 |       ||    11
Armor: Scale mail        |    49 |    63 |       ||   112
       Chain mail        |       |    11 |    11 ||    22
Dodge: Dodged            |    32 |    56 |     8 ||    96
Block: Kite shield       |    56 |   111 |    11 ||   178
